 Dungeon Crawl Stone Soup version 0.13.0-19-g8e0b589 (webtiles) character file.

282 andy990 the Skirmisher (level 5, -2/47 HPs)
             Began as a Minotaur Berserker on Oct 25, 2013.
             Was a Believer of Trog.
             Slain by an orc
             ... wielding a +0,+1 orcish flail
              (5 damage)
             ... on Level 2 of the Dungeon.
             The game lasted 00:18:28 (2742 turns).

andy990 the Skirmisher (Minotaur Berserker)         Turns: 2742, Time: 00:18:28

HP  -2/47        AC  4     Str 23      XL: 5   Next: 25%
MP   1/1         EV 11     Int  4      God: Trog [**....]
Gold 112         SH  0     Dex  9      Spells:  0 memorised,  4 levels left

Res.Fire  : . . .   See Invis. : .   i - -1,-3 hand axe
Res.Cold  : . . .   Warding    : .   t - +0 orc leather armour
Life Prot.: . . .   Conserve   : .   (no shield)
Res.Poison: .       Res.Corr.  : .   (helmet restricted)
Res.Elec. : .       Clarity    : .   (no cloak)
Sust.Abil.: . .     Spirit.Shd : .   (no gloves)
Res.Mut.  : .       Stasis     : +   u - +0 pair of boots
Res.Rott. : .       Flight     : .   C - amulet of stasis {unknown}
Saprovore : . . .                    (no ring)
                                     (no ring)

@: slightly resistant to hostile enchantments, very unstealthy
A: retaliatory headbutt, horns 2
a: Burn Spellbooks, Berserk, Trog's Hand, Renounce Religion


You were on level 2 of the Dungeon.
You worshipped Trog.
Trog was pleased with you.
You were not hungry.

You visited 1 branch of the dungeon, and saw 3 of its levels.

You collected 92 gold pieces.

Inventory:

Hand weapons
 d - a +0,+0 spear (quivered)
 i - a -1,-3 hand axe (weapon)
 y - a +1,+0 elven short sword
Missiles
 h - 30 darts
Armour
 j - a -3 robe of magic resistance
 t - a +0 orcish leather armour (worn)
 u - a +0 pair of boots (worn)
 w - a -2 shield of reflection
Comestibles
 a - a meat ration
 b - a rotting chunk of bat flesh
 c - a bread ration
 f - a rotting chunk of bat flesh
Scrolls
 g - 3 scrolls of identify
 m - a scroll of remove curse {unknown}
 s - a scroll of fog {unknown}
 D - a scroll of blinking {unknown}
Jewellery
 o - an uncursed amulet of resist corrosion {unknown}
 C - an amulet of stasis (around neck) {unknown}
Potions
 l - a potion of might {unknown}
 p - a potion of magic {unknown}
 q - 2 potions of heal wounds {unknown}
 r - a potion of confusion {unknown}
 B - a potion of curing {unknown}
Books
 x - a book of Battle

   Spells                             Type                      Level
   Infusion                           Charms                       1
   Shroud of Golubria                 Charms/Translocation         2
   Song of Slaying                    Charms                       2
   Spectral Weapon                    Hexes/Charms                 3
   Regeneration                       Charms/Necromancy            3
   Song of Shielding                  Charms                       4
   Trog disapproves of the use of such an item.


   Skills:
 * Level 5.8 Fighting
 + Level 5.3 Axes
 + Level 2.8 Armour
 - Level 2.1 Dodging


You had 4 spell levels left.
You didn't know any spells.

Dungeon Overview and Level Annotations

Branches:
Dungeon (3/27)

Altars:
Jiyva


Innate Abilities, Weirdness & Mutations

You reflexively headbutt those who attack you in melee.
You have a pair of horns on your head.


Message History

There is a stone staircase leading down here.
You can't go up here!
You climb downwards.
There is a stone staircase leading up here.
You can't go down here!
The orc hits you with an orcish flail.
* * * LOW HITPOINT WARNING * * *
You climb upwards.
There is a stone staircase leading down here.
There are no items here.
You hit the orc but do no damage.
The orc is almost dead.
The orc hits you but does no damage.
You closely miss the orc.
The orc is almost dead.
The orc hits you but does no damage.
You barely miss the orc.
The orc is almost dead.
The orc hits you with an orcish flail.
You die...

#####.#############.###.#.######
#.#### #.....# #.#.# #....#
##.##.# #.#.# ####.# #.##.#
#.#.# #.### #.##.# #.#.#
########...#####.##.###.#.######
#..........'............#.......
########...#.######.##..#..#####
#...#.##@.........^......
#.#.#.##o###.##..#...####
#.....##.# #.##..#.......
#.....##.# #.##..#...####
#.....##.# #.##..#...#
#.#'#.##.# #.##..#...#
#.#<#.##.# #.##..#...#
#.#.#.##.# #.##.##...#
#.###.##.# #.##(##...#


You could see an orc.

Vanquished Creatures
  2 jellies (D:2)
  5 adders (D:2)
  A giant mite (D:1)
  A worm (D:3)
  2 giant geckos
  5 oozes
  6 bats
  3 giant cockroaches (D:1)
  5 goblins
  5 hobgoblins
  2 jackals (D:1)
  A giant newt (D:2)
  5 kobolds
  7 rats
  A plant (D:1)
  A toadstool (D:2)
52 creatures vanquished.

Vanquished Creatures (others)
  4 toadstools (D:1)
4 creatures vanquished.

Grand Total: 56 creatures vanquished

Notes
Turn   | Place    | Note
--------------------------------------------------------------
     0 | D:1      | andy990, the Minotaur Berserker, began the quest for the Orb.
     0 | D:1      | Reached XP level 1. HP: 19/19 MP: 0/0
   244 | D:1      | Reached skill level 4 in Fighting
   266 | D:1      | Reached XP level 2. HP: 15/27 MP: 0/0
   842 | D:1      | Reached XP level 3. HP: 30/33 MP: 1/1
  1112 | D:2      | Reached skill level 5 in Fighting
  1112 | D:2      | Reached skill level 5 in Axes
  1112 | D:2      | Reached XP level 4. HP: 23/40 MP: 1/1
  1261 | D:2      | Found a viscous altar of Jiyva.
  2003 | D:2      | Reached XP level 5. HP: 39/47 MP: 1/1
  2210 | D:2      | Acquired Trog's second power
  2742 | D:2      | Slain by an orc

Action                   |  1- 3 |  4- 6 || total
-------------------------+-------+-------++-------
Melee: Hand axe          |    81 |    89 ||   170
  Use: Scroll            |       |     3 ||     3
 Stab: Distracted        |     1 |       ||     1
